AoeStats
← KEIYILOK

Arena

509928625Analyzed
1v1 RM · 4d ago on Sep 28, 2026· 39m 11s· 2 players
Game mode
Random Map
Map size
Tiny (2 player)
Population
200
Speed
Normal
Resources
Standard
Victory
Conquest
Starting age
Dark Age
Ending age
Imperial Age
RankedLock teamsTeams togetherTeam positionsShared explorationLock speedFull tech treeHidden civsTurbo modeCheats
Victory
Defeat
🇨🇳 Franks · China
1097
+17
🇭🇰 Varangians · Hong Kong SAR China
1117
-17
流弊老师
11:15 Feudal Age
15:19 Castle Age
13:27 Double-Bit Axe
14:10 Stone Mining
16:47 Bow Saw
28:19 Imperial Age
27:32 Forging
27:29 Scale Barding Armor
28:06 Gold Mining
30:08 Chemistry
29:31 Conscription
29:36 Conscription
28:51 Cavalier
29:36 Town Watch
30:26 Wheelbarrow
29:37 Loom
30:38 Iron Casting
30:25 Chain Barding Armor
31:09 Gold Shaft Mining
31:07 Paladin
32:01 Husbandry
35:00 Blast Furnace
34:36 Plate Barding Armor
34:30 Hand Cart
35:56 Scale Mail Armor
35:38 Treadmill Crane
KEIYILOK
10:21 Feudal Age
14:32 Castle Age
13:19 Double-Bit Axe
17:49 Loom
19:08 Bow Saw
22:38 Horse Collar
22:53 Gold Mining
24:25 Heavy Plow
25:27 Fletching
25:37 Stone Mining
29:10 Imperial Age
27:41 Wheelbarrow
28:29 Town Watch
29:22 Squires
29:28 Scale Mail Armor
29:18 Gambesons
30:19 Conscription
32:12 Two-Man Saw
32:39 Chemistry
31:41 Arson
32:17 Chain Mail Armor
33:23 Forging
35:24 Iron Casting
35:25 Elite Varangian Guard
37:16 Plate Mail Armor
37:29 Gothikon
39:20 Blast Furnace
Connection lost

Rejoining the realm…

Still unreachable

The connection could not be restored.

Session expired

The server has moved on; the page needs a fresh start.